ABL
CRONULLA SHARKS @ SOUTH MELBOURNE SWANS
06/12/2022
 
TOP OF THE 1ST
Cronulla Sharks batting - Pitching for South Melbourne Swans : RHP Peyton Shackell
Pitching: RHP Peyton Shackell
Batting: LHB Nick Jeffcoate 0-0: Called Strike
0-1: Foul Ball, location: 7LDF
0-2: Fly out, F6 (Line Drive, 6, EV 71.3 MPH)
Batting: RHB Sloan Windus 0-0: Fly out, F7 (Line Drive, 78M, EV 98.8 MPH)
Batting: LHB Bill Gower 0-0: Ground out 4-3 (Groundball, 34, EV 106.9 MPH)
Top of the 1st over - 0 runs, 0 hits, 0 errors, 0 left on base; Cronulla 0 - South Melbourne 0
BOTTOM OF THE 1ST
South Melbourne Swans batting - Pitching for Cronulla Sharks : LHP Young-chul Kong
Pitching: LHP Young-chul Kong
Batting: RHB Mark Goudie 0-0: Ball
1-0: Ground out 5-3 (Groundball, 56, EV 81.9 MPH)
Batting: LHB Braeden Scarth 0-0: Ball
1-0: Swinging Strike
1-1: Called Strike
1-2: Foul Ball, location: 3FF
1-2: Strikes out swinging
Batting: LHB Calvin Ingleby 0-0: Ball
1-0: Foul Ball, location: 2F
1-1: Ground out U3 (Groundball, 34, EV 79.4 MPH)
Bottom of the 1st over - 0 runs, 0 hits, 0 errors, 0 left on base; Cronulla 0 - South Melbourne 0
TOP OF THE 2ND
Cronulla Sharks batting - Pitching for South Melbourne Swans : RHP Peyton Shackell
Batting: RHB Asa Thatcher 0-0: Foul Ball, location: 2F
0-1: Foul Ball, location: 9LSF
0-2: Strikes out swinging
Batting: RHB Mark Ryan 0-0: Called Strike
0-1: Foul Ball, location: 5SF
0-2: Foul Ball, location: 9LDF
0-2: Foul Ball, location: 2F
0-2: Ball
1-2: Strikes out swinging
Batting: RHB Ollie Bullivant 0-0: Ball
1-0: Foul Ball, location: 25F
1-1: Called Strike
1-2: Foul Ball, location: 2F
1-2: Foul Ball, location: 23F
1-2: Foul Ball, location: 2F
1-2: Strikes out swinging
Top of the 2nd over - 0 runs, 0 hits, 0 errors, 0 left on base; Cronulla 0 - South Melbourne 0
BOTTOM OF THE 2ND
South Melbourne Swans batting - Pitching for Cronulla Sharks : LHP Young-chul Kong
Batting: RHB Kole Palethorpe 0-0: Ball
1-0: Ball
2-0: Ball
3-0: Base on Balls
Batting: RHB Hector Gomez 0-0: Called Strike
0-1: 2-RUN HOME RUN (Flyball, 89XD, EV 98.1 MPH), Distance : 385 ft
Batting: RHB Juan Huezo 0-0: Ball
1-0: Called Strike
1-1: Swinging Strike
1-2: Foul Ball, location: 9LSF
1-2: Ball
2-2: Foul Ball, location: 7LMFF
2-2: Foul Ball, location: 2F
2-2: Foul Ball, location: 9LSF
2-2: Strikes out swinging
Batting: RHB Jarrod Rudder 0-0: Swinging Strike
0-1: Foul Ball, location: 2F
0-2: Strikes out swinging
Batting: RHB David Sandercock 0-0: Fly out, F8 (Flyball, 8RD, EV 85.0 MPH)
Bottom of the 2nd over - 2 runs, 1 hit, 0 errors, 0 left on base; Cronulla 0 - South Melbourne 2
TOP OF THE 3RD
Cronulla Sharks batting - Pitching for South Melbourne Swans : RHP Peyton Shackell
Batting: SHB Tony Alvarado 0-0: Ball
1-0: Foul Ball, location: 3F
1-1: Ball
2-1: Ball
3-1: Called Strike
3-2: Ground out 2-3 (Groundball, 13S, EV 74.4 MPH)
Batting: SHB Bruno Collick 0-0: Foul Ball, location: 25F
0-1: Ball
1-1: Ball
2-1: DOUBLE (Groundball, 3L, EV 99.4 MPH)
Batting: LHB Young-chul Kong 0-0: Ground out 4-3 (Groundball, 4, EV 81.9 MPH)
Bruno Collick to third
Batting: LHB Nick Jeffcoate 0-0: Foul Ball, location: 25F
0-1: Foul Ball, location: 2F
0-2: Strikes out swinging
Top of the 3rd over - 0 runs, 1 hit, 0 errors, 1 left on base; Cronulla 0 - South Melbourne 2
BOTTOM OF THE 3RD
South Melbourne Swans batting - Pitching for Cronulla Sharks : LHP Young-chul Kong
Batting: RHB Peyton Shackell 0-0: Ball
1-0: Called Strike
1-1: Foul Ball, location: 2RF
1-2: Fly out, F8 (Flyball, 8LD, EV 105.0 MPH)
Batting: RHB Mark Goudie 0-0: Ball
1-0: Ball
2-0: Swinging Strike
2-1: Called Strike
2-2: Ground out 5-3 (Groundball, 56, EV 103.8 MPH)
Batting: LHB Braeden Scarth 0-0: Ball
1-0: Called Strike
1-1: Ground out 4-3 (Groundball, 4, EV 101.9 MPH)
Bottom of the 3rd over - 0 runs, 0 hits, 0 errors, 0 left on base; Cronulla 0 - South Melbourne 2
TOP OF THE 4TH
Cronulla Sharks batting - Pitching for South Melbourne Swans : RHP Peyton Shackell
Batting: RHB Sloan Windus 0-0: Swinging Strike
0-1: Called Strike
0-2: Ball
1-2: Foul Ball, location: 7LMFF
1-2: Ball
2-2: Fly out, F7 (Line Drive, 7, EV 96.3 MPH)
Batting: LHB Bill Gower 0-0: Called Strike
0-1: Ball
1-1: Swinging Strike
1-2: Foul Ball, location: 7LDF
1-2: Fly out, F7 (Line Drive, 78M, EV 99.4 MPH)
Batting: RHB Asa Thatcher 0-0: Fly out, F9 (Flyball, 9D, EV 89.4 MPH)
Top of the 4th over - 0 runs, 0 hits, 0 errors, 0 left on base; Cronulla 0 - South Melbourne 2
BOTTOM OF THE 4TH
South Melbourne Swans batting - Pitching for Cronulla Sharks : LHP Young-chul Kong
Batting: LHB Calvin Ingleby 0-0: Called Strike
0-1: Foul Ball, location: 2F
0-2: Fly out, F9 (Line Drive, 9, EV 102.5 MPH)
Batting: RHB Kole Palethorpe 0-0: Called Strike
0-1: Called Strike
0-2: Ball
1-2: Ball
2-2: Strikes out swinging
Batting: RHB Hector Gomez 0-0: Called Strike
0-1: Ball
1-1: Ball
2-1: Swinging Strike
2-2: Ball
3-2: Fly out, F7 (Flyball, 78M, EV 76.3 MPH)
Bottom of the 4th over - 0 runs, 0 hits, 0 errors, 0 left on base; Cronulla 0 - South Melbourne 2
TOP OF THE 5TH
Cronulla Sharks batting - Pitching for South Melbourne Swans : RHP Peyton Shackell
Batting: RHB Mark Ryan 0-0: Called Strike
0-1: Ball
1-1: Ball
2-1: Foul Ball, location: 3SF
2-2: Ball
3-2: DOUBLE (Flyball, 8LXD, EV 97.5 MPH)
Batting: RHB Ollie Bullivant 0-0: Foul Ball, location: 5FF
0-1: Called Strike
0-2: Strikes out swinging
Batting: SHB Tony Alvarado 0-0: Ball
1-0: Ball
2-0: Foul Ball, location: 2F
2-1: SINGLE (Line Drive, 8RS, EV 106.9 MPH)
Mark Ryan to third
Runner from 3rd tries for Home, SAFE, throw by CF to home
Batting: SHB Bruno Collick 0-0: Grounds into double play, 4-6-3 (Groundball, 4, EV 105.0 MPH)
Top of the 5th over - 1 run, 2 hits, 0 errors, 0 left on base; Cronulla 1 - South Melbourne 2
BOTTOM OF THE 5TH
South Melbourne Swans batting - Pitching for Cronulla Sharks : LHP Young-chul Kong
Batting: RHB Juan Huezo 0-0: Called Strike
0-1: Ball
1-1: Fly out, F8 (Flyball, 89D, EV 108.1 MPH)
Batting: RHB Jarrod Rudder 0-0: Called Strike
0-1: Reached on error, E6 (Groundball, 6M, EV 100.0 MPH)
Batting: RHB David Sandercock 0-0: Ball
1-0: Ball
2-0: Called Strike
2-1: Foul Ball, location: 3F
2-2: Ball
3-2: Foul Ball, location: 3F
3-2: Foul Ball, location: 23F
3-2: Grounds into double play, 4-6-3 (Groundball, 4, EV 100.6 MPH)
Bottom of the 5th over - 0 runs, 0 hits, 1 error, 0 left on base; Cronulla 1 - South Melbourne 2
TOP OF THE 6TH
Cronulla Sharks batting - Pitching for South Melbourne Swans : RHP Peyton Shackell
Pinch Hitting: RHB John Fay 0-0: Ball
1-0: Ball
2-0: Ball
3-0: Called Strike
3-1: Base on Balls
Batting: LHB Nick Jeffcoate 0-0: Ball
1-0: Swinging Strike
1-1: Sac Bunt to 15 - play at first, batter safe!
John Fay to second
Pinch Runner at 2nd Kirby Penfold:
Batting: RHB Sloan Windus 0-0: Ball
1-0: Foul Ball, location: 3SF
1-1: Foul Ball, location: 2F
1-2: Ball
2-2: Ball
3-2: Foul Ball, location: 5FF
3-2: SINGLE (Groundball, 6MD, EV 95.0 MPH)
Kirby Penfold to third
Nick Jeffcoate to second
Batting: LHB Bill Gower 0-0: Called Strike
0-1: Foul Ball, location: 2F
0-2: Strikes out swinging
Batting: RHB Asa Thatcher 0-0: Ball
1-0: Foul Ball, location: 2F
1-1: Ball
2-1: Fly out, F9 (Flyball, 89D, EV 98.8 MPH)
Runner from 3rd tags up, SCORES, no throw by RF
Batting: RHB Mark Ryan 0-0: Ball
1-0: Called Strike
1-1: Ball
2-1: Fly out, F3 (Line Drive, 34, EV 71.3 MPH)
Top of the 6th over - 1 run, 2 hits, 0 errors, 2 left on base; Cronulla 2 - South Melbourne 2
BOTTOM OF THE 6TH
South Melbourne Swans batting - Pitching for Cronulla Sharks : LHP Young-chul Kong
Pitching: RHP Coltyn Beardsley
Batting: RHB Peyton Shackell 0-0: Ground out 6-3 (Groundball, 6S, EV 81.9 MPH)
Batting: RHB Mark Goudie 0-0: Ball
1-0: Called Strike
1-1: Called Strike
1-2: Ball
2-2: Ball
3-2: Strikes out swinging
Batting: LHB Braeden Scarth 0-0: Called Strike
0-1: Fly out, F7 (Line Drive, 7S, EV 89.4 MPH)
Bottom of the 6th over - 0 runs, 0 hits, 0 errors, 0 left on base; Cronulla 2 - South Melbourne 2
TOP OF THE 7TH
Cronulla Sharks batting - Pitching for South Melbourne Swans : RHP Peyton Shackell
Batting: RHB Ollie Bullivant 0-0: Ball
1-0: Ball
2-0: Ball
3-0: Called Strike
3-1: Foul Ball, location: 2F
3-2: Ground out 6-3 (Groundball, 6M, EV 86.3 MPH)
Batting: SHB Tony Alvarado 0-0: Foul Ball, location: 7LSF
0-1: Fly out, F7 (Flyball, 7D, EV 93.8 MPH)
Batting: SHB Bruno Collick 0-0: Ball
1-0: Ball
2-0: Foul Ball, location: 2F
2-1: Ball
3-1: Fly out, F7 (Flyball, 7, EV 90.6 MPH)
Top of the 7th over - 0 runs, 0 hits, 0 errors, 0 left on base; Cronulla 2 - South Melbourne 2
BOTTOM OF THE 7TH
South Melbourne Swans batting - Pitching for Cronulla Sharks : RHP Coltyn Beardsley
Pitching: RHP Graeme Humphreys
Now at C: Louis Belcher
Batting: LHB Calvin Ingleby 0-0: Ground out 6-3 (Groundball, 4, EV 79.4 MPH)
Batting: RHB Kole Palethorpe 0-0: Ball
1-0: Foul Ball, location: 2F
1-1: Swinging Strike
1-2: Ground out 6-3 (Groundball, 6, EV 78.1 MPH)
Batting: RHB Hector Gomez 0-0: Ball
1-0: Ball
2-0: Ground out 5-3 (Groundball, 5, EV 83.8 MPH)
Bottom of the 7th over - 0 runs, 0 hits, 0 errors, 0 left on base; Cronulla 2 - South Melbourne 2
TOP OF THE 8TH
Cronulla Sharks batting - Pitching for South Melbourne Swans : RHP Peyton Shackell
Batting: RHB Louis Belcher 0-0: SINGLE (Flyball, 3D, EV 94.4 MPH)
Batting: LHB Nick Jeffcoate 0-0: Ball
1-0: Sac Bunt to 23 - play at first, batter OUT! 3-4
Louis Belcher to second
Batting: RHB Sloan Windus 0-0: Intentional Walk
Batting: LHB Bill Gower 0-0: Ball
1-0: Ball
2-0: Called Strike
2-1: Ball
3-1: Called Strike
3-2: SINGLE (Groundball, 4, EV 86.3 MPH) (infield hit)
Louis Belcher to third
Sloan Windus to second
Pitching: RHP Travis Quance
Batting: RHB Asa Thatcher 0-0: Called Strike
0-1: Swinging Strike
0-2: Ball
1-2: Foul Ball, location: 2F
1-2: Strikes out swinging
Batting: RHB Mark Ryan 0-0: Ball
1-0: Ball
2-0: SINGLE (Line Drive, 8LS, EV 91.3 MPH)
Louis Belcher scores
Sloan Windus to third
Bill Gower to second
Runner from 3rd tries for Home, SAFE, throw by CF to home
Batting: RHB Ollie Bullivant 0-0: Ball
1-0: Ball
2-0: SINGLE (Groundball, 23, EV 70.6 MPH) (infield hit)
Bill Gower to third
Mark Ryan to second
Batting: SHB Tony Alvarado 0-0: Called Strike
0-1: Foul Ball, location: 9LSF
0-2: Strikes out looking
Top of the 8th over - 2 runs, 4 hits, 0 errors, 3 left on base; Cronulla 4 - South Melbourne 2
BOTTOM OF THE 8TH
South Melbourne Swans batting - Pitching for Cronulla Sharks : RHP Graeme Humphreys
Batting: RHB Juan Huezo 0-0: Called Strike
0-1: Ball
1-1: Swinging Strike
1-2: Ball
2-2: Ball
3-2: Fly out, F3 (Line Drive, 3, EV 66.3 MPH)
Batting: RHB Jarrod Rudder 0-0: Swinging Strike
0-1: Ball
1-1: Swinging Strike
1-2: Foul Ball, location: 2F
1-2: Strikes out swinging
Batting: RHB David Sandercock 0-0: Ball
1-0: Called Strike
1-1: SINGLE (Line Drive, 34D, EV 101.9 MPH)
Pinch Hitting: LHB C.B. Hadingham 0-0: Foul Ball, location: 3F
0-1: Ball
1-1: Ball
2-1: Ball
3-1: Fly out, F7 (Flyball, 7D, EV 80.6 MPH)
Bottom of the 8th over - 0 runs, 1 hit, 0 errors, 1 left on base; Cronulla 4 - South Melbourne 2
TOP OF THE 9TH
Cronulla Sharks batting - Pitching for South Melbourne Swans : RHP Travis Quance
Pitching: RHP Luke Hornby
Pinch Hitting: RHB John Elkington 0-0: Foul Ball, location: 3F
0-1: Foul Ball, location: 2F
0-2: Ball
1-2: Foul Ball, location: 7LMFF
1-2: Strikes out looking
Batting: RHB Louis Belcher 0-0: Swinging Strike
0-1: Called Strike
0-2: Strikes out looking
Batting: LHB Nick Jeffcoate 0-0: SINGLE (Line Drive, 7LS, EV 107.5 MPH)
Batting: RHB Sloan Windus 0-0: Called Strike
0-1: Ball
1-1: Called Strike
Nick Jeffcoate steals 2nd base
1-2: Ball
2-2: Ground out 6-3 (Groundball, 6, EV 83.8 MPH)
Top of the 9th over - 0 runs, 1 hit, 0 errors, 1 left on base; Cronulla 4 - South Melbourne 2
BOTTOM OF THE 9TH
South Melbourne Swans batting - Pitching for Cronulla Sharks : RHP Graeme Humphreys
Pitching: LHP Sid Lovibond
Batting: RHB Mark Goudie 0-0: Ground out 5-3 (Groundball, 56, EV 95.6 MPH)
Batting: LHB Braeden Scarth 0-0: Called Strike
0-1: Swinging Strike
0-2: Ball
1-2: Foul Ball, location: 2F
1-2: Strikes out swinging
Pinch Hitting: RHB Rhett Johnston 0-0: Swinging Strike
0-1: Called Strike
0-2: Strikes out swinging
Bottom of the 9th over - 0 runs, 0 hits, 0 errors, 0 left on base; Cronulla 4 - South Melbourne 2
Thursday, May 2nd , 2024 - OOTP Baseball 24.9 Build 80